 Dungeon Crawl Stone Soup version 0.28-a0-751-gef3a642a4e (webtiles) character file.

Game seed: 16364747239362372591

207 willcat the Sneak (level 5, -1/31 HPs)
             Began as a Deep Elf Delver on Oct 30, 2021.
             Slain by an orc (3 damage)
             ... on level 6 of the Dungeon.
             The game lasted 00:01:22 (557 turns).

willcat the Sneak (Deep Elf Delver)                  Turns: 557, Time: 00:01:22

Health: -1/31      AC:  3    Str:  9    XL:     5   Next: 54%
Magic:  7/7        EV: 13    Int: 16    God:
Gold:   25         SH:  0    Dex: 16    Spells: 4/4 levels left

rFire   . . .      SeeInvis .   a - +0 short sword
rCold   . . .      Faith    .   (no shield)
rNeg    . . .      Spirit   .   b - +0 leather armour
rPois   .          Reflect  .   (no helmet)
rElec   .          Harm     .   (no cloak)
rCorr   .          Rampage  .   (no gloves)
Will    .....                   (no boots)
Stlth   +++.......              (no amulet)
HPRegen 0.10/turn               (no ring)
MPRegen 0.10/turn               (no ring)

@: hasted, very quick
A: no striking features
a: no special abilities


You were on level 6 of the Dungeon.
You visited 1 branch of the dungeon, and saw 2 of its levels.

You collected 25 gold pieces.

Inventory:

Hand Weapons
 a - a +0 short sword (weapon)
Armour
 b - a +0 leather armour (worn)
Wands
 g - a wand of digging (2)
 i - a wand of paralysis (1)
Scrolls
 c - a scroll of fog
 d - a scroll of magic mapping
 h - a scroll of identify


   Skills:
 - Level 2.4 Fighting
 + Level 3.3 Short Blades
 + Level 4.1 Dodging
 + Level 7.0 Stealth
 + Level 2.6 Evocations


You had 4 spell levels left.
You didn't know any spells.
Your spell library was empty.

Dungeon Overview and Level Annotations

Branches:
Dungeon (6/15)
 Temple: D:4-7

Altars:


Message History

Unknown command.
You hit the orc wizard but do no damage.
The orc wizard is heavily wounded.
The orc wizard hits you but does no damage.
You hit the orc wizard.
The orc wizard is severely wounded.
You hit the orc wizard.
The orc wizard is almost dead.
The orc wizard gestures at you while chanting.
The puff of flame hits you.
* * * LOW HITPOINT WARNING * * *
You hit the orc wizard.
You kill the orc wizard!
Your Stealth skill increases to level 7!
You hit the orc.
The orc is lightly wounded.
You hit the orc but do no damage.
The orc is lightly wounded.
The orc hits you but does no damage.
Okay, then.
You hit the orc.
The orc is almost dead.
The orc hits you with a +0 dagger.
* * * LOW HITPOINT WARNING * * *
As you read the scroll labelled KINONU ETOLATI, it crumbles to dust.
It is a scroll of identify.
You don't have any unidentified items.
Unknown command.
You hit the orc.
You kill the orc!
Unknown command.
You aren't carrying any potions.
Unknown command.
As you read the scroll of fear, it crumbles to dust.
You assume a fearsome visage.
The orc looks frightened!
You hit the orc.
Your attack snaps the orc out of its fear.
The orc is lightly wounded.
The orc hits you with a +0 hand axe.
You die...

#.# #.###.....
####.# #.#
##... .....#
#.# #. .....#
#)# .....# #.#
.....# #.#
.....# #.#
.....# #.# ###
.....# #.# ##@#
.....# #.#
####o### .....#
#o# #......###
.....# #.#
#..........
######
#.###......####
#.##.......#
#.#.#####'.#
#..## ...# ####
(..#


You could see an orc.

Vanquished Creatures
  A sky beast (D:6)
  A necrophage (D:6)
  An orc wizard (D:6)
  3 orcs
6 creatures vanquished.

Notes
Turn   | Place    | Note
-------+----------+-------------------------------------------
     0 | D:5      | willcat the Deep Elf Delver began the quest for the Orb.
     0 | D:5      | Reached XP level 1. HP: 13/13 MP: 3/3
   125 | D:5      | Noticed an ogre
   197 | D:6      | Noticed a sky beast
   235 | D:6      | Killed a sky beast
   236 | D:6      | Reached XP level 2. HP: 8/18 MP: 4/4
   236 | D:6      | Reached XP level 3. HP: 10/22 MP: 5/5
   236 | D:6      | Reached XP level 4. HP: 13/27 MP: 6/6
   407 | D:6      | Noticed a necrophage
   415 | D:6      | Killed a necrophage
   416 | D:6      | Reached XP level 5. HP: 30/31 MP: 7/7
   551 | D:6      | Reached skill level 7 in Stealth
   553 | D:6      | HP: 1/31 [orc (3)]
   557 | D:6      | Slain by an orc

Illustrated notes

Levels and vault maps discovered:
D:5:      kb_forest_paths, layout_rooms, mainiacjoe_overflow_small_starburst,
          mainiacjoe_overflow_alcove_1
D:6:      layout_basic, mainiacjoe_overflow_paths, serial_curves,
          eino_curves_02, eino_curves_02, eino_curves_01, eino_curves_04,
          cheibrodos_sewer_entry_bend, minivault_22

Skill      XL: |  1  2  3  4  5 |
---------------+----------------+-----
Dodging        | 3 4 |  4.1
Evocations     | 2 |  2.6
Short Blades   | 3 |  3.3
Stealth        | 7 |  7.0
Fighting       | |  2.4

Action                   |  1- 3 |  4- 6 || total
-------------------------+-------+-------++-------
Melee: Short sword       |     4 |    31 ||    35
Evoke: Wand              |     2 |     4 ||     6
  Use: Scroll            |       |     2 ||     2
       Potion            |       |     1 ||     1
 Stab: Sleeping          |     1 |     1 ||     2
       Paralysed         |     1 |       ||     1
Armor: Leather armour    |       |     6 ||     6
Dodge: Dodged            |     1 |     4 ||     5

Table legend: (Time is in decaauts)
 A = Elapsed time spent in this place.
 B = Non-inter-level travel time spent in this place.
 C = Inter-level travel time spent in this place.
 D = Time resting spent in this place.
 E = Time spent auto-exploring this place.
 F = Levels seen in this place.
 G = Mean time per level.
                   A        B        C        D        E       F      G
               +--------+--------+--------+--------+--------+-----+--------+
         Total |    551 |    551 |      0 |     31 |    347 |   2 |  275.5 |
       Dungeon |    551 |    551 |      0 |     31 |    347 |   2 |  275.5 |
               +--------+--------+--------+--------+--------+-----+--------+

Top non-repeatable levels by time:
     D:6: 386 daAuts
     D:5: 165 daAuts
